 Dungeon Crawl Stone Soup version 0.19.1 (webtiles) character file.

302 esteth the Conjurer (level 6, 0/43 HPs)
             Began as a Demonspawn Conjurer on Dec 14, 2016.
             Was an Initiate of Vehumet.
             Slain by TheOvate's ghost (5 damage)
             ... on level 4 of the Dungeon.
             The game lasted 00:14:53 (3732 turns).

esteth the Conjurer (Demonspawn Conjurer)           Turns: 3732, Time: 00:14:54

Health: 0/43       AC:  5    Str:  8    XL:     6   Next: 14%
Magic:  1/13       EV: 12    Int: 18    God:    Vehumet [......]
Gold:   157        SH:  0    Dex: 14    Spells: 3 memorised, 4 levels left

rFire  . . .     SeeInvis .     k - +0 short sword (protect)
rCold  . . .     Gourm    .     a - +0 robe
rNeg   . . .     Faith    .     (no shield)
rPois  .         Spirit   .     (no helmet)
rElec  .         Reflect  .     (no cloak)
rCorr  .         Harm     .     (no gloves)
MR     .....                    (no boots)
Stlth  ++........               (no amulet)
                                (no ring)
                                (no ring)

@: very slightly contaminated
A: hooves 1, rugged brown scales 3
a: Renounce Religion


You were on level 4 of the Dungeon.
You worshipped Vehumet.
Vehumet was noncommittal.
You were not hungry.

You visited 1 branch of the dungeon, and saw 5 of its levels.

You collected 157 gold pieces.

Inventory:

Hand Weapons
 k - a +0 short sword of protection (weapon)
Armour
 a - a +0 robe (worn)
Wands
 w - a wand of digging (8/24)
Scrolls
 d - a scroll of recharging {unknown}
 f - 3 scrolls of identify {unknown}
 i - 2 scrolls of remove curse {unknown}
 l - 6 scrolls of magic mapping {unknown}
 p - 2 scrolls of teleportation {unknown}
 q - a scroll of enchant weapon {unknown}
 r - a scroll of noise {unknown}
 u - 2 scrolls of enchant armour {unknown}
Potions
 e - 4 potions of brilliance {unknown}
 g - a potion of haste {unknown}
 m - a potion of ambrosia
 n - a potion of curing
 t - a potion of might {unknown}
 v - a potion of flight {unknown}
 x - a potion of resistance {unknown}
Books
 b - a book of Conjurations

   Spells                             Type                      Level
   a - Magic Dart                     Conjuration                  1
   b - Searing Ray                    Conjuration                  2
   c - Dazzling Spray                 Conjuration/Hexes            3
   d - Fulminant Prism                Conjuration/Hexes            4
   e - Iskenderun's Mystic Blast      Conjuration                  4
   f - Iskenderun's Battlesphere      Conjuration/Charms           5
 s - a book of Misfortune

   Spells                             Type                      Level
   a - Confusing Touch                Hexes                        1
   b - Confuse                        Hexes                        3
   c - Gell's Gravitas                Hexes/Translocation          3
   d - Petrify                        Transmutation/Earth          4
   e - Metabolic Englaciation         Hexes/Ice                    5
   f - Yara's Violent Unravelling     Hexes/Transmutation          5
Comestibles
 c - 3 bread rations
 h - a fruit
 j - a beef jerky
 o - 2 meat rations


   Skills:
 - Level 1.7 Dodging
 - Level 1.7 Stealth
 + Level 4.8 Spellcasting
 - Level 5.0 Conjurations
 + Level 1.9 Charms


You had 4 spell levels left.
You knew the following spells:

 Your Spells              Type           Power        Failure   Level  Hunger
a - Magic Dart            Conj           ###.         1%          1    None
b - Iskenderun's Mystic   Conj           ###.....     21%         4    ####...
c - Iskenderun's Battles  Conj/Chrm      ###.....     87%         5    ######.


Dungeon Overview and Level Annotations

Branches:
Dungeon (5/15)
 Temple: D:4-7

Altars:
Ashenzari
Dithmenos
Qazlal
Vehumet
Xom

Annotations:
D:4 exclusion: 2 player ghosts, TheOvate's ghost, amateur CeCK


Innate Abilities, Weirdness & Mutations

You have large cloven feet.
You are completely covered in rugged brown scales. (AC +3, +7% HP)


Message History

TheOvate's ghost hits you! TheOvate's ghost freezes you.
An orc comes into view. It is wielding a flail.
Casting: Iskenderun's Mystic Blast
Confirm with . or Enter, or press ? or * to list all spells.
Aiming: Iskenderun's Mystic Blast
Press: ? - help, Shift-Dir - straight line, f - TheOvate's ghost
Aim: TheOvate's ghost, wielding a weapon of freezing The orb of energy hits TheOvate's ghost.
TheOvate's ghost is lightly damaged.
The orb of energy explodes!
The mystic blast hits the quokka skeleton.
You destroy the quokka skeleton!
Vehumet accepts your kill.
The orc shouts!
TheOvate's ghost hits you. TheOvate's ghost freezes you.
An adder skeleton comes into view.
TheOvate's ghost hits you!
* * * LOW HITPOINT WARNING * * *
TheOvate's ghost freezes you.
You die... ..# .... . ...# oo#

#. ..#
...##. #.#
..oo..# #..#
.[.....##..#
#...@.###
##..W...#
##..##....#
##..# ##..
#..##### #
#......###
#Z####...##
#.
###..#######
..
##..#.....


You could see an orc priest (wandering), TheOvate's ghost, 2 orcs and an adder
skeleton.

Vanquished Creatures
  A phantom (D:4)
  A jelly (D:4)
  3 gnolls (D:2)
  6 adders
  An ooze (D:1)
  A worm (D:2)
  3 dart slugs
  7 leopard geckos
  2 orcs
  A ball python (D:1)
  3 bats
  8 giant cockroaches
  8 goblins
  8 hobgoblins
  7 jackals
  7 kobolds
  A quokka (D:2)
  2 frilled lizards
  A jackal skeleton (D:4)
  A leopard gecko zombie (D:3)
  A quokka skeleton (D:4)
  7 rats
80 creatures vanquished.

Notes
Turn   | Place    | Note
-------+----------+-------------------------------------------
     0 | D:1      | esteth the Demonspawn Conjurer began the quest for the Orb.
     0 | D:1      | Reached XP level 1. HP: 13/13 MP: 3/3
   343 | D:1      | Gained mutation: You have large cloven feet. [demonic ancestry]
   343 | D:1      | Reached XP level 2. HP: 19/19 MP: 3/5
   556 | D:1      | Reached XP level 3. HP: 21/24 MP: 2/7
  1274 | D:2      | Gained mutation: You are partially covered in rugged brown scales. (AC +1, +3% HP) [demonic ancestry]
  1274 | D:2      | Reached XP level 4. HP: 21/30 MP: 2/9
  1601 | D:2      | Found a stormy altar of Qazlal.
  1601 | D:2      | Found a radiant altar of Vehumet.
  1755 | D:2      | Found a shattered altar of Ashenzari.
  2061 | D:3      | Learned a level 4 spell: Iskenderun's Mystic Blast
  2354 | D:3      | Found a glowing drain.
  2489 | D:3      | Gained mutation: You are mostly covered in rugged brown scales. (AC +2, +5% HP) [demonic ancestry]
  2489 | D:3      | Reached XP level 5. HP: 30/36 MP: 6/11
  2560 | D:3      | Found a shimmering altar of Xom.
  2670 | D:2      | Became a worshipper of Vehumet
  2981 | D:3      | Reached skill level 5 in Conjurations
  3245 | D:3      | Learned a level 5 spell: Iskenderun's Battlesphere
  3297 | D:4      | Noticed TheOvate's ghost (amateur CeCK)
  3305 | D:4      | Found a shadowy altar of Dithmenos.
  3418 | D:4      | Noticed a phantom
  3460 | D:5      | Entered Level 5 of the Dungeon
  3460 | D:5      | Noticed an ogre
  3520 | D:4      | Killed a phantom
  3520 | D:4      | Reached skill level 1 in Charms
  3520 | D:4      | Gained mutation: You are completely covered in rugged brown scales. (AC +3, +7% HP) [demonic ancestry]
  3520 | D:4      | Reached XP level 6. HP: 31/43 MP: 0/13
  3732 | D:4      | Slain by TheOvate's ghost

Skill      XL: |  1  2  3  4  5 |
---------------+----------------+-----
Spellcasting   | 3 4 |  4.8
Conjurations   | 5 |  5.0
Charms         | 1 |  1.9
Dodging        | |  1.7
Stealth        | |  1.7

Action                   |  1- 3 |  4- 6 || total
-------------------------+-------+-------++-------
Melee: Unarmed           |    20 |       ||    20
       Short sword       |    39 |    29 ||    68
       Kick              |     5 |     8 ||    13
 Cast: Magic Dart        |    70 |    87 ||   157
       Iskenderun's Myst |       |    11 ||    11
  Use: Potion            |       |     2 ||     2
       Scroll            |       |     1 ||     1
  Eat: Bread ration      |     1 |     1 ||     2
       Fruit             |       |     1 ||     1
       Pizza             |       |     1 ||     1
       Beef jerky        |       |     1 ||     1
Armor: Robe              |    19 |    30 ||    49
Dodge: Dodged            |    45 |    67 ||   112
